 Dungeon Crawl Stone Soup version 0.30-a0-1160-g6e42c06551 (webtiles) character file.

Game seed: 1642384437010359897

10347 qeqeqeadadad the Cleaver (level 11, -6/97 HPs)
             Began as a Pale Draconian Berserker on Apr 26, 2023.
             Was a High Priest of Trog.
             Mangled by an ice dragon (10 damage)
             ... on level 11 of the Dungeon.
             The game lasted 01:18:37 (9840 turns).

qeqeqeadadad the Cleaver (Pale Draconian Berserker) Turns: 9840, Time: 01:18:38

Health: -6/97      AC: 11    Str: 27    XL:     11   Next: 35%
Magic:  11/11      EV: 15    Int: 13    God:    Trog [*****.]
Gold:   576        SH:  0    Dex: 14    Spells: 10/10 levels left

rFire   . . .        n - +1 war axe of Defiance {spect, rPois Str+3 Dex+3 SInv Stlth-}
rCold   . . .        (no shield)
rNeg    . . .        (body armour unavailable)
rPois   +            (helmet restricted)
rElec   .            (no cloak)
rCorr   .            s - +2 pair of gloves
SInv    +            Q - +0 pair of boots {Stlth+}
Will    .....        (no amulet)
Stlth   +++          l - +6 ring of intelligence
HPRegen 0.36/turn    j - ring of see invisible
MPRegen 0.12/turn

%: no passive effects
@: no status effects
A: breathe steam, AC +7, unfitting armour, cold-blooded, steam resistance
a: Breathe Steam, Renounce Religion, Berserk, Trog's Hand, Brothers in Arms


You were on level 11 of the Dungeon.
You worshipped Trog.
Trog was extremely pleased with you.
You visited 1 branch of the dungeon, and saw 10 of its levels.

You collected 576 gold pieces.

Inventory:

Hand Weapons
 c - a +1 dagger of freezing
 g - a +1 sling of freezing
 h - a +3 dire flail
 n - the +1 war axe of Defiance (weapon) {spect, rPois Str+3 Dex+3 SInv Stlth-}
   (You found it on level 2 of the Dungeon)

   Str:       It affects your strength (+3).
   Dex:       It affects your dexterity (+3).
   rPois:     It protects you from poison.
   SInv:      It lets you see invisible.
   Stlth:     It makes you less stealthy.
 w - a +3 short sword
 A - a +1 flail of protection
 I - a +1 flail of protection
 J - a +1 quarterstaff of draining
 P - a +4 dagger
 R - a +0 executioner's axe of flaming
 S - a +4 long sword
 T - a +1 war axe
 V - a +4 flail
 Y - a +0 dagger of protection
Missiles
 e - 25 poisoned darts (quivered)
 k - 86 stones
 L - 3 throwing nets
Armour
 a - quicksilver dragon scales
 i - a +0 ring mail
 p - the +0 scale mail "Qulofur" {Str+5 Dex-3}
   (You found it on level 2 of the Dungeon)

   Str:       It affects your strength (+5).
   Dex:       It affects your dexterity (-3).
 s - a +2 pair of gloves (worn)
 t - a +0 chain mail
 K - the +0 robe "Marphuts" {rN+ MP+9 Int+6}
   (You found it on level 9 of the Dungeon)

   Int:       It affects your intelligence (+6).
   rN:        It protects you from negative energy.
   MP:        It affects your magic capacity (+9).
 Q - a +0 pair of boots of stealth (worn)
 U - a +2 robe of positive energy
 Z - a +0 plate armour
Jewellery
 j - a ring of see invisible (right hand)
 l - a +6 ring of intelligence (left hand)
Wands
 y - a wand of polymorph (9)
 N - a wand of digging (5)
 O - a wand of flame (24)
 W - a wand of roots (6)
Scrolls
 b - 2 scrolls of acquirement {unknown}
 o - a scroll of noise {unknown}
 q - a scroll of fog {unknown}
 r - 2 scrolls of enchant armour {unknown}
 u - 4 scrolls of identify {unknown}
 B - 3 scrolls of immolation {unknown}
 D - a scroll of teleportation {unknown}
 E - a scroll of torment {unknown}
 G - 2 scrolls of vulnerability {unknown}
 H - a scroll of blinking {unknown}
 M - 2 scrolls of fear {unknown}
Potions
 d - a potion of invisibility {unknown}
 f - 2 potions of degeneration {unknown}
 m - a potion of might {unknown}
 v - 4 potions of flight {unknown}
 x - a potion of berserk rage {unknown}
 z - a potion of magic {unknown}
 C - 2 potions of curing
 F - 2 potions of attraction {unknown}
 X - 2 potions of lignification {unknown}


   Skills:
 + Level 9.1 Fighting
 + Level 12.7(13.0) Axes
 + Level 4.1(9.2) Polearms
 + Level 8.0 Dodging
 + Level 4.9 Stealth


You had 10 spell levels left.
You didn't know any spells.
Your spell library contained the following spells:

 Spells                   Type           Power      Damage    Failure   Level
 Summon Small Mammal      Summ           0%         N/A       30%         1
 Call Canine Familiar     Summ           0%         N/A       67%         3
 Summon Guardian Golem    Hex/Summ       0%         N/A       67%         3
 Orb of Destruction       Conj           0%         9d5       100%        7
 Spellforged Servitor     Conj/Summ      0%         N/A       100%        7


Dungeon Overview and Level Annotations

Branches:
Dungeon (11/15)
 Temple: D:4-7         Lair: D:8-11         Orc: D:9-12

Altars:
Dithmenos
Fedhas
Makhleb
Qazlal
Ru
Sif Muna
Xom
Yredelemnul
Zin

Shops:
D:1 :   D:3 ?   D:4 (   D:9 ***   D:11 *

Portals:
Ice
Cave: D:11


Innate Abilities, Weirdness & Mutations

You can breathe blasts of scalding, opaque steam.
Your pale cyan-grey scales are hard. (AC +7)
You cannot fit into any form of body armour.
You are cold-blooded and may be slowed by cold attacks.
You are immune to the effects of steam.


Message History

The polar bear is almost dead.
The polar bear closely misses you. x2
The polar bear claws you but does no damage.
You hit the polar bear but do no damage.
Your punch misses the polar bear.
The polar bear is almost dead.
The polar bear bites you but does no damage.
The polar bear misses you.
The polar bear claws you but does no damage.
You hit the polar bear but do no damage.
The polar bear is almost dead.
The polar bear barely misses you.
The polar bear claws you but does no damage. x2
The polar bear closely misses you. The polar bear barely misses you.
The polar bear completely misses you.
You hit the polar bear.
The polar bear is almost dead.
The polar bear bites you!
* * * LOW HITPOINT WARNING * * *
The polar bear closely misses you. The polar bear barely misses you.
You feel better. The polar bear misses you.
The polar bear claws you but does no damage.
The polar bear misses you.
You closely miss the polar bear. You tail-slap the polar bear.
You kill the polar bear!
Trog accepts your kill. The ice dragon breathes frost at you.
The blast of cold hits you!!
* * * LOW HITPOINT WARNING * * *
Your Dodging skill increases to level 8!
Unknown command.
Aiming: Throw Flame
Press: ? - help, Q - select action, (/) - cycle Shift-Dir - straight line, f - ice dragon
Aim: an ice dragon (catching its breath, 77% to hit)
The puff of flame hits the ice dragon but does no damage.
The ice dragon attacks as you move away!
The ice dragon bites you.
* * * LOW HITPOINT WARNING * * *
The ice dragon claws you!
You die...

#......#......
#......#.....
##..##.###..#
#..###.###..#####
#.###...........#
#.# #...........#...
#.####.......)..#...
##.###..........##..
##@##..##..##..##..
#D###########..##..
#. #....... hh
#....... ##.
##...... .. ##......
.. #...##.. .∩
#...##.. #.......


You could see an ice dragon, a polar bear and a wolf.

Vanquished Creatures
  3 two-headed ogres
  A rime drake (D:11)
  A komodo dragon (D:10)
  A kobold demonologist (D:11)
  2 polar bears (D:11)
  A hornet (D:8)
  3 shadows
  A vampire (D:11)
  12 yaks
  2 wyverns
  3 steam dragons
  Edmund (D:6)
  A water moccasin (D:8)
  An orc warrior (D:8)
  A black bear (D:6)
  4 ogres
  A wolf (D:11)
  4 centaurs
  2 kobold brigands (D:11)
  7 bullfrogs
  2 gnoll sergeants
  6 wights
  23 killer bees
  3 howler monkeys (D:9)
  A jelly (D:6)
  4 hounds
  6 orc priests
  A gnoll bouda (D:6)
  An iguana (D:4)
  10 orc wizards
  A mummy (D:6)
  15 gnolls
  7 adders
  3 white imps
  2 ufetubi
  5 worms
  2 dart slugs
  17 orcs
  9 bats
  17 endoplasms
  11 giant cockroaches
  10 goblins
  3 hobgoblins
  5 jackals
  2 quokkas (D:1)
  6 ball pythons
  3 frilled lizards (D:2)
  12 kobolds
  7 rats
  A spectral orc (D:7)
247 creatures vanquished.

Notes
Turn   | Place    | Note
-------+----------+-------------------------------------------
     0 | D:1      | qeqeqeadadad the Draconian Berserker began the quest for
                  | the Orb.
     0 | D:1      | Reached XP level 1. HP: 19/19 MP: 1/1
     1 | D:1      | Found a runed translucent door.
   196 | D:1      | Reached XP level 2. HP: 26/26 MP: 2/2
   745 | D:1      | Found Suceot's Book Shop.
  1118 | D:2      | Reached XP level 3. HP: 27/33 MP: 3/3
  1181 | D:2      | Reached ** piety under Trog
  1296 | D:2      | Found a shimmering altar of Xom.
  1296 | D:2      | Identified the +1 war axe of Defiance {spect, rPois Str+3
                  | Dex+3 SInv Stlth-}
  1405 | D:2      | Identified the +0 scale mail "Qulofur" {Str+5 Dex-3}
  1770 | D:2      | Reached XP level 4. HP: 40/40 MP: 4/4
  1963 | D:1      | Reached skill level 1 in Axes
  1967 | D:1      | Reached *** piety under Trog
  2382 | D:3      | Found Fuischuta's Magic Scroll Shoppe.
  2432 | D:3      | Found a shadowy altar of Dithmenos.
  3131 | D:4      | Reached skill level 2 in Axes
  3131 | D:4      | Reached XP level 5. HP: 46/46 MP: 5/5
  3172 | D:4      | Noticed an ogre
  3177 | D:4      | Killed an ogre
  3178 | D:4      | Reached skill level 3 in Axes
  3359 | D:4      | Reached XP level 6. HP: 37/52 MP: 6/6
  3440 | D:4      | Reached skill level 4 in Axes
  3476 | D:4      | Reached skill level 1 in Stealth
  3486 | D:4      | Your scales start taking on a pale cyan-grey colour.
  3486 | D:4      | Reached XP level 7. HP: 60/60 MP: 7/7
  3486 | D:4      | Gained mutation: You are immune to the effects of steam.
                  | [Pale Draconian growth]
  3490 | D:4      | Found Obibo's Weapon Shoppe.
  3553 | D:4      | Reached skill level 5 in Axes
  3744 | D:4      | Reached **** piety under Trog
  3778 | D:4      | You fall into a shaft and drop 2 floors!
  3904 | D:6      | Found a glowing drain.
  3989 | D:6      | Reached skill level 5 in Fighting
  3989 | D:6      | Reached skill level 6 in Axes
  4107 | D:6      | Noticed Edmund
  4119 | D:6      | Killed Edmund
  4120 | D:6      | Reached XP level 8. HP: 68/68 MP: 8/8
  4245 | D:6      | Found a sand-covered staircase.
  4421 | D:6      | Found a glowing silver altar of Zin.
  4430 | D:6      | Reached skill level 7 in Axes
  4442 | D:6      | Found a shimmering altar of Xom.
  4448 | D:6      | Found a blossoming altar of Fedhas.
  4810 | D:7      | Found a basalt altar of Yredelemnul.
  4949 | D:7      | Reached skill level 5 in Dodging
  4997 | D:7      | Reached skill level 8 in Axes
  5126 | D:7      | Found a sacrificial altar of Ru.
  5138 | D:7      | Reached XP level 9. HP: 59/75 MP: 9/9
  5436 | D:8      | Reached skill level 9 in Axes
  6234 | D:8      | Reached skill level 10 in Axes
  6487 | D:9      | Reached ***** piety under Trog
  6557 | D:9      | Found a stormy altar of Qazlal.
  6638 | D:9      | Found Wygeomom's General Store.
  6639 | D:9      | Found Wiemas's Assorted Antiques.
  6641 | D:9      | Found Zeamma's Assorted Antiques.
  6716 | D:9      | Noticed a two-headed ogre
  6725 | D:9      | Killed a two-headed ogre
  6726 | D:9      | Reached XP level 10. HP: 61/86 MP: 10/10
  6941 | D:9      | Identified the +0 robe "Marphuts" {rN+ MP+9 Int+6}
  7257 | D:9      | Reached skill level 11 in Axes
  7390 | D:9      | Found a burning altar of Makhleb.
  7405 | D:9      | Found a shimmering blue altar of Sif Muna.
  7639 | D:10     | Entered Level 10 of the Dungeon
  7656 | D:10     | Noticed a two-headed ogre
  7671 | D:10     | Killed a two-headed ogre
  8344 | D:10     | Received a gift from Trog
  8931 | D:10     | Reached skill level 12 in Axes
  9502 | D:11     | Reached XP level 11. HP: 65/95 MP: 11/11
  9519 | D:11     | Identified the staff of death "Hoaff" {*Slow rF- rN+ MP+9
                  | Dex+9}
  9522 | D:11     | Found Jofiz's Assorted Antiques.
  9566 | D:11     | Noticed a two-headed ogre
  9583 | D:11     | Killed a two-headed ogre
  9804 | D:11     | Found a frozen archway.
  9814 | D:11     | Noticed an ice dragon
  9840 | D:11     | HP: 4/97 [ice dragon (2)]
  9840 | D:11     | Mangled by an ice dragon

Illustrated notes

Levels and vault maps discovered:
D:1:      dpeg_arrival_caged_fury, layout_loops_corners, serial_forest,
          infiniplex_forest_corner_1, infiniplex_forest_lined_room_2,
          infiniplex_forest_zigzag_1, infiniplex_forest_lined_4_way,
          serial_shops, nicolae_diamond_shop, minmay_fountain_box,
          wad_floor_pattern_2
D:2:      layout_loops_ring, basic_altar, minmay_misc_feat_more_columns,
          minmay_fractal_squares_gapless_5
D:3:      kennysheep_big_flooded_room, layout_loops_ring,
          mainiacjoe_overflow_concentric_impassable, serial_shops,
          nicolae_shop_window_shopping, minmay_misc_feat_iff, grunt_ministairs_3
D:4:      layout_basic, serial_shops, shop, kennysheep_dice
D:6:      layout_cave_pools, minmay_overflow_temple_star_quad, serial_rivers,
          chequers_serial_rivers_micro_c, chequers_serial_rivers_room_a,
          chequers_serial_rivers_marsh, chequers_serial_rivers_room_a,
          chequers_serial_rivers_marsh, chequers_serial_rivers_small_3,
          gup_ossuary_entry_pyramid, gup_sewer_entry_glass, uniq_edmund
D:7:      layout_basic, nicolae_ru_awakened_eye,
          yredelemnul_forgotten_temple_becter
D:8:      layout_loops_cross, grunt_ogre_cave
D:9:      layout_long_grid, amethyst_overflow_temple_binary,
          nicolae_qazlal_general_emergency, nicolae_shop_distant_corner_stores
D:10:     layout_stronghold
D:11:     layout_gridville, lair_entry_dummy, gammafunk_ghost_smash,
          portal_ice_cave_entry_animals_and_master, serial_shops, shop, shop,
          nicolae_shop_window_shopping

Skill      XL: |  1  2  3  4  5  6  7  8  9 10 11 |
---------------+----------------------------------+-----
Dodging        | 3 4 5 6 7 8 |  8.0
Polearms       | 4 |  4.1
Axes           | 2 3 4 6 8 10 12 | 12.7
Fighting       | 4 5 6 7 8 9 |  9.1
Stealth        | 1 2 3 4 |  4.9

Action                     |  1- 3 |  4- 6 |  7- 9 | 10-12 || total
---------------------------+-------+-------+-------+-------++-------
  Melee: Spear             |    96 |       |       |       ||    96
         Tailslap          |    17 |     4 |    34 |    28 ||    83
         Punch             |     2 |       |     3 |     3 ||     8
         War axe           |    44 |    73 |   203 |   163 ||   483
  Evoke: Wand              |       |       |       |     2 ||     2
    Use: Potion            |       |     1 |       |     2 ||     3
   Stab: Distracted        |       |       |     2 |     1 ||     3
         Sleeping          |       |       |       |     1 ||     1
 Armour: Skin              |    49 |    30 |    70 |    51 ||   200
  Dodge: Dodged            |    97 |    58 |   157 |   130 ||   442

Table legend: (Time is in decaauts)
 A = Elapsed time spent in this place.
 B = Non-inter-level travel time spent in this place.
 C = Inter-level travel time spent in this place.
 D = Time resting spent in this place.
 E = Time spent auto-exploring this place.
 F = Levels seen in this place.
 G = Mean time per level.
                   A        B        C        D        E       F      G
               +--------+--------+--------+--------+--------+-----+--------+
         Total |   9901 |   9373 |    528 |      0 |   2821 |  10 |  990.1 |
       Dungeon |   9901 |   9373 |    528 |      0 |   2821 |  10 |  990.1 |
               +--------+--------+--------+--------+--------+-----+--------+

Top non-repeatable levels by time:
    D:10: 1768 daAuts
     D:8: 1270 daAuts
     D:1: 1159 daAuts
     D:9: 1058 daAuts
     D:3: 1042 daAuts
     D:6: 932 daAuts
     D:2: 915 daAuts
     D:4: 703 daAuts
     D:7: 638 daAuts
    D:11: 411 daAuts
